 Dungeon Sprint DCSS version 0.31.0-32-g396128a36d (webtiles) character file.

Game seed: 6426480000270699915

19631 boopmooplesden the Executioner (level 12, -1/125 HPs)
             Began as a Minotaur Fighter on Mar 18, 2024.
             Was the Champion of Trog.
             Slain by a catoblepas (3 damage)
             ... while petrified by a catoblepas
             ... in the Dungeon (Sprint VII: "The Pits").
             The game lasted 00:07:14 (3453 turns).

boopmooplesden the Executioner (Minotaur Fighter)   Turns: 3453, Time: 00:07:15

Health: -1/125     AC: 32    Str: 24 (26) XL:     12   Next: 38%
Magic:  0/11       EV:  2    Int:  2 (5)  God:    Trog [******]
Gold:   35         SH:  0    Dex: 11 (13) Spells: 11/11 levels left

rFire   . . .        x - +5 broad axe (heavy)
rCold   . . .        c - +0 buckler
rNeg    + + +        w - +9 plate armour {Will+}
rPois   ∞            (helmet restricted)
rElec   .            t - +0 cloak
rCorr   .            (no gloves)
SInv    .            s - +0 pair of boots
Will    +++..        (no amulet) Stlth
                     d - +3 ring of dexterity
HPRegen 1.40/turn    g - +3 ring of evasion
MPRegen 0.12/turn

%: no teleportation
@: petrified, strong-willed (expiring), on berserk cooldown, regenerating
(expiring), slowed
A: horns 2, retaliatory headbutt
a: Renounce Religion, Berserk, Trog's Hand, Brothers in Arms


You were in the Dungeon.
You worshipped Trog.
Trog was exalted by your worship.
You visited 1 branch You collected 35 gold pieces.

Inventory:

Hand Weapons
 a - a +0 war axe
 k - a +3 hand axe
 m - a +2 hand axe of freezing
 r - a +1 heavy broad axe
 u - the +4 quarterstaff of Domination {antimagic, rElec Dex+3}
   (You found it in the Dungeon)

   Dex+3:     It affects your dexterity (+3).
   rElec:     It insulates you from electricity.
 x - a +5 heavy broad axe (weapon)
 A - a +3 heavy morningstar
 C - a +3 antimagic broad axe
Missiles
 y - 3 javelins (quivered)
 z - 9 silver javelins
Armour
 b - a +0 scale mail
 c - a +0 buckler (worn)
 l - a +3 chain mail
 s - a +0 pair of boots (worn)
 t - a +0 cloak (worn)
 v - a +0 plate armour
 w - a +9 plate armour of willpower (worn)
Jewellery
 d - a +3 ring of dexterity (left hand)
 g - a +3 ring of evasion (right hand)
 B - a ring of poison resistance
 D - a ring of protection from cold
 F - the ring of Bodily Harmony {rC+ Slay+3}
   (You found it in the Dungeon)

   [ring of protection from cold]

   Slay+3:    It affects your accuracy & damage with ranged weapons and melee
   (+3).
   rC+:       It protects you from cold.
 G - a +6 ring of strength
Scrolls
 j - a scroll of blinking
 E - a scroll of vulnerability
 I - a scroll of fog
 J - a scroll of identify
 K - a scroll of fear
Potions
 e - 8 potions of curing
 f - 16 potions of heal wounds
 h - 2 potions of magic
 i - 3 potions of berserk rage
 n - a potion of resistance
 o - 2 potions of mutation
 p - a potion of haste
 q - a potion of might


   Skills:
 + Level 17.2 Fighting
 + Level 21.3 Axes
 + Level 20.5 Armour
 + Level 7.8 Dodging
 + Level 3.3 Stealth
 + Level 15.6 Shields


You had 11 spell levels left.
You didn't know any spells.
Your spell library was empty.

Dungeon Overview and Level Annotations

Branches:
Dungeon (1/1)

Altars:
Cheibriados
Dithmenos
Elyvilon
Fedhas
Gozag
Hepliaklqana
Makhleb
Nemelex Xobeh
Okawaru
Qazlal
Ru
Sif Muna
Trog
Vehumet
Wu Jian
Xom
Yredelemnul
Zin
The Shining One
Jiyva
Lugonu


Innate Abilities, Weirdness & Mutations

You have a pair of horns on your head.
You reflexively headbutt those who attack you in melee.


Message History

The catoblepas breathes a plume of calcifying dust at you.
The blast of calcifying dust hits you but does no damage.
Something hits you but does no damage. x2
Something stings you but does no damage.
You are engulfed in calcifying dust.
The catoblepas barely misses you.
The catoblepas breathes a plume of calcifying dust at you.
The blast of calcifying dust hits you but does no damage.
You feel you are being watched by something.
Something hits you but does no damage. x2; Something stings you!
* * * LOW HITPOINT WARNING * * *
You are engulfed in calcifying dust.
The catoblepas gores you but does no damage.
The catoblepas gores you.
* * * LOW HITPOINT WARNING * * *
The spriggan druid calls out to the beasts of the wild!
A rat comes into view.
Something hits you but does no damage. Something hits you.
Something stings you.
* * * LOW HITPOINT WARNING * * *
You feel weakened.
You are engulfed in calcifying dust.
Something hits you but does no damage. x2
Something stings you!
* * * LOW HITPOINT WARNING * * *
The catoblepas gores you!
* * * LOW HITPOINT WARNING * * *
The catoblepas gores you!
* * * LOW HITPOINT WARNING * * *
The spriggan druid calls out to the beasts of the wild!
You are engulfed in calcifying dust.
You feel you are being watched by something.
Something hits you.
* * * LOW HITPOINT WARNING * * *
You feel clumsy. Something hits you!
* * * LOW HITPOINT WARNING * * *
Something stings you.
* * * LOW HITPOINT WARNING * * *
You feel dopey. The catoblepas gores you!
You die...

#..#....#..#
#..........+
#..........+
###''####''#
###''####''############
#....rZ##..............
#.#+##y##.....)).......
#.#|i{Y##..############
#.+ #@##..#
#.#)3Y.##..#
###########.+.[#§##..#
.....##..##.##+#§##..#
.....##..##......##..#
.....''..##########..#
.....''..##########).#
.....##..)..)........#
.....##..............#


You could see 2 catoblepae, a spriggan druid, a sixfirhy, a killer bee, a rat
and a quokka skeleton.

Vanquished Creatures
  A death cob (D)
  A deep elf death mage (D)
  2 minotaurs (D)
  A merfolk javelineer (D)
  An alligator snapping turtle (D)
  A death knight (D)
  A two-headed ogre (D)
  An anaconda (D)
  A demonic crawler (D)
  An orc high priest (D)
  2 deep trolls (D)
  A sea snake (D)
  2 deep elf pyromancers (D)
  An orc knight (D)
  An orc sorcerer (D)
  An elephant (D)
  Joseph (D)
  A black mamba (D)
  3 orange demons (D)
  A molten gargoyle (D)
  A rime drake (D)
  2 kobold demonologists (D)
  An ice devil (D)
  A freezing wraith (D)
  A red devil (D)
  A troll (D)
  A polar bear (D)
  4 merfolk (D)
  3 hornets (D)
  2 jumping spiders (D)
  2 spriggans (D)
  8 yaks (D)
  Eustachio (D)
  A fire bat (D)
  2 vampire mosquitoes (D)
  A warg (D)
  A steam dragon (D)
  An acid dragon (D)
  2 water moccasins (D)
  A laughing skull (D)
  2 orc warriors (D)
  A sky beast (D)
  A small abomination (D)
  A centaur (D)
  A weeping skull (D)
  2 phantoms (D)
  Blork the orc (D)
  A brain worm (D)
  A quasit (D)
  2 orc priests (D)
  2 iguanas (D)
  A gnoll (D)
  2 ufetubi (D)
  A ribbon worm (D)
  7 orcs (D)
  An endoplasm (D)
  2 giant cockroaches (D)
  A hobgoblin (D)
  5 jackals (D)
  A kobold (D)
  A quokka (D)
  A ball python skeleton (D)
  2 bats (D)
102 creatures vanquished.

Notes
Turn   | Place    | Note
-------+----------+-------------------------------------------
     0 | D        | boopmooplesden the Minotaur Fighter began the quest for the
                  | Orb.
     0 | D        | Reached XP level 1. HP: 19/19 MP: 0/0
    16 | D        | Found a glowing golden altar of the Shining One.
    16 | D        | Found a glowing silver altar of Zin.
    16 | D        | Found a basalt altar of Yredelemnul.
    16 | D        | Found a shimmering altar of Xom.
    16 | D        | Found an ornate altar of the Wu Jian Council.
    16 | D        | Found a bloodstained altar of Trog.
    16 | D        | Found a shimmering blue altar of Sif Muna.
    16 | D        | Found a sacrificial altar of Ru.
    16 | D        | Found a stormy altar of Qazlal.
    16 | D        | Found an iron altar of Okawaru.
    16 | D        | Found a sparkling altar of Nemelex Xobeh.
    16 | D        | Found a burning altar of Makhleb.
    16 | D        | Found a viscous altar of Jiyva.
    16 | D        | Found a hazy altar of Hepliaklqana.
    16 | D        | Found an opulent altar of Gozag.
    16 | D        | Found a blossoming altar of Fedhas.
    16 | D        | Found a white marble altar of Elyvilon.
    16 | D        | Found a shadowy altar of Dithmenos.
    16 | D        | Found a snail-covered altar of Cheibriados.
    17 | D        | Found a radiant altar of Vehumet.
    17 | D        | Found a corrupted altar of Lugonu.
    19 | D        | Became a worshipper of Trog the Wrathful
    32 | D        | Reached skill level 3 in Axes
    32 | D        | Reached XP level 2. HP: 6/28 MP: 1/1
   331 | D        | Reached * piety under Trog
   332 | D        | Reached skill level 5 in Shields
   457 | D        | Noticed a phantom
   465 | D        | Reached skill level 5 in Armour
   468 | D        | Reached ** piety under Trog
   478 | D        | Killed a phantom
   479 | D        | Reached skill level 5 in Axes
   479 | D        | Reached skill level 1 in Dodging
   479 | D        | Reached XP level 3. HP: 28/37 MP: 2/2
   479 | D        | Reached XP level 4. HP: 33/44 MP: 3/3
   552 | D        | Noticed a sky beast
   552 | D        | Noticed a fire bat
   559 | D        | Killed a fire bat
   559 | D        | Reached *** piety under Trog
   560 | D        | Reached skill level 6 in Axes
   560 | D        | Reached XP level 5. HP: 52/52 MP: 4/4
   566 | D        | Killed a sky beast
   567 | D        | Reached skill level 7 in Axes
   567 | D        | Reached skill level 10 in Armour
   567 | D        | Reached XP level 6. HP: 61/61 MP: 5/5
   622 | D        | Noticed Blork the orc
   627 | D        | Killed Blork the orc
   627 | D        | Reached **** piety under Trog
   647 | D        | Reached ***** piety under Trog
   648 | D        | Reached skill level 8 in Axes
   648 | D        | Reached XP level 7. HP: 47/69 MP: 6/6
   907 | D        | Noticed a jumping spider
   907 | D        | Noticed an orange demon
   915 | D        | Killed a jumping spider
   916 | D        | Reached skill level 9 in Axes
   922 | D        | Killed an orange demon
   923 | D        | Reached skill level 10 in Axes
   923 | D        | Reached skill level 5 in Dodging
   923 | D        | Reached skill level 10 in Shields
   923 | D        | Reached XP level 8. HP: 79/79 MP: 7/7
   977 | D        | Got the +4 quarterstaff of Domination {antimagic, rElec
                  | Dex+3}
  1036 | D        | Noticed an orange demon
  1041 | D        | Received a gift from Trog
  1042 | D        | Reached skill level 10 in Fighting
  1046 | D        | Killed an orange demon
  1047 | D        | Reached skill level 11 in Axes
  1047 | D        | Reached skill level 1 in Stealth
  1218 | D        | Noticed an orc knight
  1218 | D        | Noticed an ice devil
  1218 | D        | Noticed an orange demon
  1225 | D        | Killed an orc knight
  1226 | D        | Reached skill level 12 in Axes
  1226 | D        | Reached XP level 9. HP: 76/86 MP: 8/8
  1231 | D        | Killed an orange demon
  1231 | D        | Reached ****** piety under Trog
  1231 | D        | Received a gift from Trog
  1232 | D        | Reached skill level 15 in Armour
  1235 | D        | Killed an ice devil
  1236 | D        | Reached skill level 13 in Axes
  1239 | D        | HP: 6/133 [orc warrior/+0 glaive[an orc knight] (15)]
  1561 | D        | Noticed a polar bear
  1561 | D        | Noticed Joseph
  1562 | D        | Noticed a kobold demonologist
  1565 | D        | Killed a kobold demonologist
  1566 | D        | Killed a polar bear
  1566 | D        | Received a gift from Trog
  1567 | D        | Reached skill level 14 in Axes
  1568 | D        | Killed Joseph
  1615 | D        | Noticed a minotaur
  1616 | D        | Noticed a sea snake
  1622 | D        | Killed a minotaur
  1623 | D        | Reached skill level 15 in Axes
  1623 | D        | Reached XP level 10. HP: 97/97 MP: 9/9
  1624 | D        | Killed a sea snake
  1670 | D        | Noticed Eustachio
  1673 | D        | Received a gift from Trog
  1674 | D        | Reached skill level 16 in Axes
  1688 | D        | Killed Eustachio
  1922 | D        | Noticed a deep troll
  1930 | D        | Killed a deep troll
  1930 | D        | Received a gift from Trog
  1931 | D        | Reached skill level 17 in Axes
  2117 | D        | Noticed a death cob
  2117 | D        | Noticed a deep elf pyromancer
  2120 | D        | Killed a deep elf pyromancer
  2126 | D        | Killed a death cob
  2127 | D        | Reached skill level 18 in Axes
  2127 | D        | Reached XP level 11. HP: 101/108 MP: 10/10
  2310 | D        | Noticed a demonic crawler
  2316 | D        | Noticed a minotaur
  2324 | D        | Killed a demonic crawler
  2324 | D        | Received a gift from Trog
  2328 | D        | Killed a minotaur
  2413 | D        | Noticed a spriggan rider
  2413 | D        | Noticed a deep troll
  2414 | D        | Noticed an orc sorcerer
  2414 | D        | Noticed an orc high priest
  2415 | D        | Noticed a soul eater
  2428 | D        | Reached skill level 19 in Axes
  2429 | D        | Killed an orc sorcerer
  2429 | D        | Received a gift from Trog
  2430 | D        | Killed an orc high priest
  2432 | D        | Noticed a two-headed ogre
  2434 | D        | Killed a deep troll
  2437 | D        | Received a gift from Trog
  2438 | D        | Killed a two-headed ogre
  2439 | D        | Reached skill level 15 in Fighting
  2516 | D        | Got the ring of Bodily Harmony {rC+ Slay+3}
  2649 | D        | Noticed a deep elf pyromancer
  2654 | D        | Received a gift from Trog
  2655 | D        | Reached skill level 20 in Axes
  2658 | D        | Killed a deep elf pyromancer
  2665 | D        | Noticed a death knight
  2678 | D        | Killed a death knight
  2940 | D        | Noticed a spriggan rider
  2945 | D        | Reached skill level 15 in Shields
  2945 | D        | Reached XP level 12. HP: 74/122 MP: 11/11
  2948 | D        | Received a gift from Trog
  3069 | D        | Noticed an alligator snapping turtle
  3079 | D        | Killed an alligator snapping turtle
  3133 | D        | Noticed a merfolk javelineer
  3141 | D        | Killed a merfolk javelineer
  3142 | D        | Reached skill level 21 in Axes
  3416 | D        | Noticed a catoblepas
  3417 | D        | Noticed a deep elf death mage
  3417 | D        | Noticed a catoblepas
  3417 | D        | Noticed an anaconda
  3428 | D        | Killed an anaconda
  3428 | D        | Killed a deep elf death mage
  3431 | D        | Killed a ghostly deep elf death mage
  3431 | D        | Received a gift from Trog
  3432 | D        | Killed a ghostly anaconda
  3453 | D        | HP: 4/125 [something (6)]
  3453 | D        | Slain by a catoblepas

Illustrated notes

Levels and vault maps discovered:
D:        pitsprint [storerooms_1, entrance_room_1, metal_vault_2, armoury_2,
          mini_pit_1, grid_room_1, main_hall_1, silver_pit, the_coven_3,
          the_vestibule_1, steel_vault_2, golden_pit, hallway_of_sentries,
          crystal_vault_6, iron_vault_3, final_vault]

Skill      XL: |  1  2  3  4  5  6  7  8  9 10 11 12 |
---------------+-------------------------------------+-----
Fighting       | 4 6 7 8 9 10 12 13 15 17 | 17.2
Armour         | 4 7 9 10 11 13 14 16 17 19 20 | 20.5
Shields        | 4 6 7 8 9 10 12 13 15 | 15.6
Axes           | 3 5 6 7 8 10 12 15 18 20 21 | 21.3
Dodging        | 1 2 3 5 6 7 |  7.8
Stealth        | 1 2 3 |  3.3

Action                     |  1- 3 |  4- 6 |  7- 9 | 10-12 || total
---------------------------+-------+-------+-------+-------++-------
  Melee: War axe           |     9 |       |       |       ||     9
         Hand axe          |    15 |    21 |    18 |       ||    54
         Headbutt          |     3 |     4 |    10 |    23 ||    40
         Broad axe         |       |       |    39 |   114 ||   153
 Invoke: Berserk           |       |     2 |     5 |     6 ||    13
         Trog's Hand       |       |       |       |     1 ||     1
         Brothers in Arms  |       |       |       |     1 ||     1
    Use: Potion            |       |       |     2 |       ||     2
         Scroll            |       |       |       |    11 ||    11
   Stab: Petrified         |       |       |       |     6 ||     6
 Armour: Scale mail        |    28 |     1 |       |       ||    29
         Chain mail        |       |    21 |    49 |       ||    70
         Plate armour      |       |       |    16 |   234 ||   250
  Dodge: Dodged            |    18 |    14 |    34 |    89 ||   155
  Block: Buckler           |     5 |    10 |    21 |    48 ||    84
